 Dungeon Crawl Stone Soup version 0.30-a0-169-g06f667207d (webtiles) character file.

Game seed: 16787845015880456006

340 qw the Chopper (level 6, -4/38 HPs)
             Began as a Gargoyle Fighter on Sept 30, 2022.
             Killed from afar by an orc wizard (9 damage)
             ... with a magic dart
             ... on level 3 of the Dungeon.
             The game lasted 00:00:58 (2463 turns).

qw the Chopper (Gargoyle Fighter)                   Turns: 2463, Time: 00:00:58

Health: -4/38      AC: 13    Str: 22    XL:     6   Next: 56%
Magic:  6/6        EV:  7    Int:  8    God:
Gold:   114        SH:  4    Dex:  9    Spells: 5/5 levels left

rFire   + . .      SeeInvis .    Y - +2 war axe
rCold   . . .      Faith    .    c - +0 buckler
rNeg    + . .      Spirit   .    j - +0 chain mail
rPois   inf        Reflect  .    (no helmet)
rElec   +          Harm     .    (no cloak)
rCorr   .          Rampage  .    (no gloves)
Will    .....                    (no boots)
Stlth   ..........               (no amulet)
HPRegen 0.12/turn                h - ring of protection from fire
MPRegen 0.10/turn                (no ring)

@: no status effects
A: sickness immunity, AC +4, negative energy resistance 1, electricity
resistance, torment resistance 1, petrification resistance
a: no special abilities


You were on level 3 of the Dungeon.
You visited 1 branch of the dungeon, and saw 3 of its levels.

You collected 114 gold pieces.


Innate Abilities, Weirdness & Mutations

You are immune to sickness and miasma.
Your stone body is resilient. (AC +4)
You are immune to poison.
You resist negative energy. (rN+)
You are resistant to electric shocks. (rElec)
You are resistant to unholy torment.
You are immune to petrification.


   Skills:
 - Level 4.1 Fighting
 + Level 5.8 Axes
 - Level 3.2 Armour
 - Level 3.2 Shields


You had 5 spell levels left.
You didn't know any spells.
Your spell library was empty.

Inventory:

Hand Weapons
 b - a +0 flail
 Y - a +2 war axe (weapon)
Missiles
 o - 3 boomerangs (quivered)
Armour
 c - a +0 buckler (worn)
 j - a +0 chain mail (worn)
Jewellery
 h - a ring of protection from fire (left hand)
Wands
 q - a wand of digging (5)
Scrolls
 a - a scroll of identify
 e - a scroll of noise {unknown}
 s - 3 scrolls of teleportation {unknown}
Potions
 d - a potion of might
 f - 2 potions of curing {unknown}
 g - a potion of cancellation {unknown}
 i - a potion of attraction {unknown}
 k - a potion of heal wounds {unknown}
 l - a potion of berserk rage {unknown}
 m - a potion of haste {unknown}
 n - a potion of resistance {unknown}
 p - a potion of mutation {unknown}
 r - a potion of degeneration {unknown}

Dungeon Overview and Level Annotations

Branches:
Dungeon (3/15)

Altars:
Nemelex Xobeh

Shops:
D:1 *

Annotations:
D:3 1 transporter


Message History

Something tries to affect you, but you resist.
You're too confused to attack without stumbling around!
There is a strange disturbance nearby!
A quokka comes into view.
You hear some strange, mumbled words.
A magic dart appears from out of thin air!
The magic dart hits you.
You feel less confused. Something hits you but does no damage.
The quokka bites you but does no damage.
You hit the quokka.
The quokka is moderately wounded.
You hit something but do no damage. Something hits you but does no damage.
The quokka barely misses you.
You barely miss the quokka.
The quokka is moderately wounded.
You hit something. You block the quokka's attack.
Something hits you but does no damage. You block the quokka's attack.
Something hits you but does no damage.
You completely miss the quokka.
The quokka is lightly wounded.
You completely miss something.
The quokka bites you but does no damage.
Something hits you but does no damage.
You miss the quokka.
The quokka is lightly wounded.
You hit something but do no damage.
The quokka bites you but does no damage.
Something hits you.
The quokka bites you but does no damage.
You slash the quokka!
You kill the quokka!
You closely miss something. Something hits you.
You miss something. Something hits you but does no damage.
You hear some strange, mumbled words.
A magic dart appears from out of thin air!
The magic dart hits you!
You die...

#'## ### #....#...#
#..~~ ...#
##########.### ##..~~
...#} #..........#
##...~~ ...#..)
#.......########..#.~~
...#.$8..
##.......##.......##...
._.#.[.).
#...........#####.##.~~
¤^¤#}.^.}
#....)..<......##.##.~~
#########
##...)..######....##.~~
#.%){@.# ###### .~~
####'### ... ....
....... .......#..
.......##.. .......#
##. ....)..# #.


There were no monsters in sight!

Vanquished Creatures
  Grinder (D:3)
  Ijyb (D:3)
  An orc wizard (D:3)
  3 adders
  A worm (D:3)
  2 dart slugs (D:1)
  7 orcs
  7 ball pythons
  3 endoplasms
  3 giant cockroaches
  6 goblins
  5 hobgoblins
  7 kobolds
  2 quokkas
  3 bats
  2 frilled lizards
  6 rats
60 creatures vanquished.

Notes
Turn   | Place    | Note
-------+----------+-------------------------------------------
     0 | D:1      | qw the Gargoyle Fighter began the quest for the Orb.
     0 | D:1      | Reached XP level 1. HP: 14/14 MP: 1/1
     0 | D:1      | 0 ||| qw: Version: 0.2-a-12-gaebbb33
     0 | D:1      | 0 ||| qw: Game counter: 1370
     0 | D:1      | 0 ||| qw: Always use a shield: true
     0 | D:1      | 0 ||| qw: God list: Okawaru
     0 | D:1      | 0 ||| qw: Allow faded altars: false
     0 | D:1      | 0 ||| qw: Do Orc after D:15 true
     0 | D:1      | 0 ||| qw: Do second Lair branch before Depths: true
     0 | D:1      | 0 ||| qw: Lair rune preference: random
     0 | D:1      | 0 ||| qw: Plans: Normal, Zot:1-4, God:TSO, Crypt, Tomb,
                  | Pan, Slime:5, Hells, Abyss, Orb
     0 | D:1      | 0 ||| PLANNING D:1-11
    61 | D:1      | 61 ||| Stepping ~*~*~tactically~*~*~ (stealth).
    78 | D:1      | Reached skill level 2 in Axes
   142 | D:1      | Reached XP level 2. HP: 19/19 MP: 2/2
   662 | D:1      | Reached skill level 3 in Axes
   662 | D:1      | Found Gybapn's General Store.
   672 | D:1      | 672 ||| SHOPLISTING +2 hand axe of flaming (208 gold, have
                  | 21).
   672 | D:1      | 672 ||| SHOPLISTING +6 plate armour of Zoschip {Harm} (720
                  | gold, have 21).
   672 | D:1      | 672 ||| SHOPLISTING ring of Gakhluyr {Ice rPois rCorr
                  | Dex+2} (552 gold, have 21).
   672 | D:1      | 672 ||| SHOPLISTING scroll of acquirement (624 gold, have
                  | 21).
   926 | D:1      | Reached XP level 3. HP: 23/23 MP: 3/3
  1038 | D:1      | 1038 ||| UPGRADING to +0 chain mail.
  1048 | D:1      | 1048 ||| DROPPING +0 scale mail.
  1049 | D:1      | 1049 ||| UPGRADING to ring of protection from fire.
  1050 | D:1      | 1050 ||| READING 2 scrolls labelled WOSSOCKYXUA.
  1051 | D:1      | 1051 ||| READING scroll labelled RAWEXAXAEN.
  1378 | D:2      | Identified the +7 dagger of the Sky {vorpal, Dex+2}
  1442 | D:2      | 1442 ||| Stepping ~*~*~tactically~*~*~ (stealth).
  1503 | D:2      | 1503 ||| Stepping ~*~*~tactically~*~*~ (hiding).
  1665 | D:2      | Reached XP level 4. HP: 24/28 MP: 4/4
  2039 | D:2      | 2039 ||| READING scroll labelled XIMUNU ZACZATU.
  2040 | D:2      | 2040 ||| READING 2 scrolls of identify.
  2040 | D:2      | 2040 ||| IDENTIFYING orange potion
  2041 | D:2      | 2041 ||| DROPPING potion of magic.
  2085 | D:3      | 2085 ||| STAIRDANCE
  2099 | D:3      | 2099 ||| STAIRDANCE
  2119 | D:3      | Reached skill level 4 in Axes
  2122 | D:3      | 2122 ||| DROPPING +0 whip.
  2140 | D:3      | Noticed Grinder
  2150 | D:3      | Killed Grinder
  2151 | D:3      | Reached skill level 5 in Axes
  2151 | D:3      | Reached XP level 5. HP: 31/32 MP: 5/5
  2151 | D:3      | Reached XP level 6. HP: 36/37 MP: 6/6
  2255 | D:3      | 2255 ||| Stepping ~*~*~tactically~*~*~ (stealth).
  2283 | D:3      | Noticed Ijyb
  2285 | D:3      | 2285 ||| Stepping ~*~*~tactically~*~*~ (hiding).
  2301 | D:3      | Killed Ijyb
  2342 | D:3      | 2342 ||| READING scroll of enchant weapon.
  2342 | D:3      | 2342 ||| ENCHANTING +1 war axe.
  2373 | D:3      | Found a sparkling altar of Nemelex Xobeh.
  2373 | D:3      | Found a transporter.
  2435 | D:3      | 2435 ||| Stepping ~*~*~tactically~*~*~ (stealth).
  2456 | D:3      | HP: 9/38 [something/magic dart (6)]
  2461 | D:3      | HP: 7/38 [something (3)]
  2463 | D:3      | Killed from afar by an orc wizard

Levels and vault maps discovered:
D:1:      heliophobic_arrival_ceremonial_halls, layout_loops_ring, serial_shops,
          shop, minmay_tromino_v2
D:2:      layout_loops_ring
D:3:      layout_basic, grunt_nemelex_the_gamble, elyvilon_altar_5,
          ebering_ecumenical_altar_box, minivault_14, minmay_goblin_outpost,
          uniq_grinder, uniq_ijyb

Skill      XL: |  1  2  3  4  5  6 |
---------------+-------------------+-----
Axes           | 2 3 5 |  5.8
Fighting       | 4 |  4.1
Armour         | |  3.2
Shields        | |  3.2

Action                   |  1- 3 |  4- 6 || total
-------------------------+-------+-------++-------
Melee: War axe           |   103 |   106 ||   209
Throw: Boomerang         |       |     8 ||     8
  Use: Scroll            |     2 |     3 ||     5
Armor: Scale mail        |    23 |       ||    23
       Chain mail        |    27 |    86 ||   113
Dodge: Dodged            |    42 |    34 ||    76
Block: Buckler           |    12 |    25 ||    37

Table legend:
 A = Non-vault XP
 B = Vault XP
 C = Vault XP percentage of total XP
 D = Non-vault monster count
 E = Vault monster count
 F = Vault count percentage of total count
                 A         B        C        D         E       F
            +---------+---------+-------+---------+---------+-------
      Total |     173 |     313 |  64.4 |      55 |       5 |   8.3
            +---------+---------+-------+---------+---------+-------
        D:1 |      35 |       3 |   7.9 |      18 |       2 |  10.0
        D:2 |      56 |       0 |   0.0 |      19 |       0 |   0.0
        D:3 |      82 |     310 |  79.1 |      18 |       3 |  14.3
            +---------+---------+-------+---------+---------+-------
